 Dungeon Crawl Stone Soup version 0.30.0-10-gfe55d96785 (webtiles) character file.

Game seed: 15393667756147753907

702 Irreverend the Ruffian (level 7, -1/70 HPs)
             Began as a Troll Fighter on May 14, 2023.
             Slain by a troll (5 damage)
             ... on level 5 of the Dungeon on May 15, 2023.
             The game lasted 00:04:28 (2997 turns).

Irreverend the Ruffian (Troll Fighter)              Turns: 2997, Time: 00:04:29

Health: -1/70      AC:  6    Str: 31    XL:     7   Next: 38%
Magic:  6/6        EV:  9    Int:  6    God:
Gold:   213        SH:  8    Dex:  9    Spells: 6/6 levels left

rFire   . .          .
                       - Unarmed
rCold   . . .        b - +0 kite shield
rNeg    . . .        a - +0 robe
rPois   .            h - +2 hat
rElec   .            (no cloak)
rCorr   +            (gloves unavailable)
SInv    .            (boots unavailable)
Will    .....        (no amulet)
Stlth   +            j - ring of resist corrosion
HPRegen 1.11/turn    r - +6 ring of strength
MPRegen 0.10/turn

%: no passive effects
@: no status effects
A: large, unfitting armour, claws 3, regeneration 1, shaggy fur 1, tough skin 1
a: no special abilities


You were on level 5 of the Dungeon.
You visited 1 branch of the dungeon, and saw 5 of its levels.
You also visited: Sewer.

You collected 213 gold pieces.

Inventory:

Armour
 a - a +0 robe (worn)
 b - a +0 kite shield (worn)
 h - a +2 hat (worn)
Jewellery
 j - a ring of resist corrosion (left claw)
 r - a +6 ring of strength (right claw)
Scrolls
 e - 2 scrolls of fear {unknown}
 f - a scroll of noise {unknown}
 i - 2 scrolls of enchant armour {unknown}
 k - 3 scrolls of teleportation {unknown}
 l - a scroll of magic mapping {unknown}
 m - a scroll of blinking {unknown}
 n - 6 scrolls of identify {unknown}
 q - a scroll of torment {unknown}
 t - a scroll of acquirement {unknown}
Potions
 c - 2 potions of might
 d - 4 potions of curing {unknown}
 g - a potion of resistance {unknown}
 o - a potion of heal wounds {unknown}
 p - a potion of attraction {unknown}
 s - a potion of magic {unknown}
 u - a potion of haste {unknown}


   Skills:
 + Level 4.1 Fighting
 - Level 2.4 Dodging
 + Level 4.6 Shields
 * Level 6.0 Unarmed Combat


You had 6 spell levels left.
You didn't know any spells.
Your spell library contained the following spells:

 Spells                   Type           Power      Damage    Failure   Level
 Beastly Appendage        Tmut           0%         N/A       65%         1
 Wereblood                Tmut           0%         N/A       80%         2
 Spider Form              Tmut/Pois      0%         N/A       95%         3


Dungeon Overview and Level Annotations

Branches:
Dungeon (5/15)              Sewer (visited)
 Temple: D:4-7

Altars:

Annotations:
D:4 1 transporter, SnakkuSnakku7's ghost, novice VSFE


Innate Abilities, Weirdness & Mutations

You are too large for most types of armour.
You have claws for hands.
Your natural rate of healing is unusually fast.
You are covered in fur. (AC +1)
You have tough skin. (AC +1)


Message History

The black bear goes berserk!
You claw the black bear!
You kill the black bear!
Your Fighting skill increases to level 4!
Your Unarmed Combat skill increases to level 6!
You claw the sleepcap!
The sleepcap is heavily damaged.
The sleepcap closely misses you.
You scratch the sleepcap.
The sleepcap is severely damaged.
You block the sleepcap's attack.
You claw the sleepcap!
You destroy the sleepcap!
You mangle the troll!!
The troll is heavily wounded.
The troll closely misses you. The troll claws you!
The troll claws you but does no damage.
You scratch the troll.
The troll is heavily wounded.
The troll bites you! You block the troll's attack. x2
You scratch the troll.
The troll is severely wounded.
The troll bites you. The troll claws you but does no damage.
You block the troll's attack.
You closely miss the troll.
The troll is severely wounded.
The troll bites you! The troll completely misses you. The troll claws you!
* * * LOW HITPOINT WARNING * * *
You barely miss the troll.
The troll is severely wounded.
The troll barely misses you. You block the troll's attack.
The troll claws you but does no damage.
You claw the troll!
The troll is almost dead.
The troll bites you!
* * * LOW HITPOINT WARNING * * *
The troll claws you!
* * * LOW HITPOINT WARNING * * *
The troll claws you.
You die...

#######.........# #.
................##..
#######<.<..........
##............. # #
####............. .#
###............# ..
.......T.......# .#(##
#..######..#..####......
#.### ....##..)T@.....[.
....#..######.####.#....
......# ...# .. .
...........#### ...
......##.# ... ......##
.. ........ . ........
......##


You could see a troll.

Vanquished Creatures
  A black bear (D:5)
  A scorpion (D:5)
  A sleepcap (D:5)
  5 hounds
  Terence (D:2)
  A hell rat (Sewer)
  3 orc wizards
  4 gnolls (D:2)
  7 adders
  4 river rats
  A shadow imp (D:3)
  3 worms
  4 dart slugs
  8 orcs
  8 ball pythons
  5 bats
  8 endoplasms
  6 giant cockroaches
  6 goblins
  3 hobgoblins
  2 jackals (D:4)
  6 quokkas
  6 frilled lizards
  4 kobolds
  11 rats
109 creatures vanquished.

Notes
Turn   | Place    | Note
-------+----------+-------------------------------------------
     0 | D:1      | Irreverend the Troll Fighter began the quest for the Orb.
     0 | D:1      | Reached XP level 1. HP: 22/22 MP: 0/0
   180 | D:1      | Reached XP level 2. HP: 29/29 MP: 1/1
   294 | D:1      | You fall into a shaft and drop 1 floor!
   395 | D:2      | Reached XP level 3. HP: 36/36 MP: 2/2
   548 | D:2      | Found a faded altar of an unknown god.
   550 | D:2      | Noticed Terence
   563 | D:2      | Killed Terence
   564 | D:2      | Reached skill level 3 in Unarmed Combat
   622 | D:2      | Identified the +2 pair of boots of Barnacled Awe {rC+
                  | Int+2}
   637 | D:2      | Reached XP level 4. HP: 27/44 MP: 3/3
  1324 | D:3      | Reached skill level 4 in Unarmed Combat
  1324 | D:3      | Reached XP level 5. HP: 51/53 MP: 4/4
  2107 | D:4      | Identified the +5 long sword of Lust {venom, rF+ Will+
                  | rCorr Dex+3}
  2222 | D:4      | Reached XP level 6. HP: 49/61 MP: 5/5
  2241 | D:4      | Reached skill level 5 in Unarmed Combat
  2250 | D:4      | Found a transporter.
  2253 | D:4      | Noticed SnakkuSnakku7's ghost (novice VSFE)
  2643 | D:4      | Found a glowing drain.
  2655 | Sewer    | Entered a sewer
  2930 | D:5      | Entered Level 5 of the Dungeon
  2945 | D:5      | Noticed a troll
  2980 | D:5      | Reached XP level 7. HP: 48/68 MP: 6/6
  2989 | D:5      | Reached skill level 6 in Unarmed Combat
  2997 | D:5      | Slain by a troll

Illustrated notes

Levels and vault maps discovered:
D:1:      dpeg_arrival_ternary, layout_rooms
D:2:      layout_loops_cross, chequers_ecumenical_altar_simple_redux,
          grunt_ministairs_2, grunt_decor_fettered, uniq_terence
D:3:      layout_basic, st_stairs_9, amcnicky_mini_pool_small
D:4:      layout_loops_ring, gammafunk_ghost_smash, portal_sewer_entry_e
D:5:      layout_rooms, nicolae_take_the_stairs, minivault_19,
          minmay_manual_monstrance

Skill      XL: |  1  2  3  4  5  6  7 |
---------------+----------------------+-----
Shields        | 3 4 |  4.6
Unarmed Combat | 3 4 5 6 |  6.0
Fighting       | 3 4 |  4.1
Dodging        | |  2.4

Action                     |  1- 3 |  4- 6 |  7- 9 || total
---------------------------+-------+-------+-------++-------
  Melee: Unarmed           |    88 |   218 |    18 ||   324
   Stab: Sleeping          |       |     1 |       ||     1
 Armour: Robe              |    33 |    82 |     4 ||   119
  Dodge: Dodged            |    23 |    89 |     6 ||   118
  Block: Kite shield       |    22 |   110 |     9 ||   141
